 Dungeon Crawl Stone Soup version 0.24-a0-581-gc0fa660 (webtiles) character file.

Game seed: 9541976896055627709

148062 DrEnzyme the Slicer (level 16, 0/147 HPs)
             Began as a Demigod Wanderer on Aug 15, 2019.
             Slain by a thrashing horror (3 damage)
             ... on level 4 of the Abyss on Aug 24, 2019.
             The game lasted 04:19:19 (61792 turns).

DrEnzyme the Slicer (Demigod Wanderer)             Turns: 61792, Time: 04:19:19

Health: 0/147      AC: 31    Str: 24    XL:     16   Next: 39%
Magic:  29/29      EV: 12    Int: 13    God:
Gold:   1101       SH:  9    Dex: 18    Spells: 15/15 levels left

rFire    x . .     SeeInvis .   b - +3 rapier (flame)
rCold    . . .     Gourm    +   Y - +2 buckler {reflect}
rNeg     + . .     Faith    .   v - +7 chain mail of Guelyocza {+Inv rPois rF- rN+}
rPois    +         Spirit   .   m - +2 hat
rElec    .         Reflect  +   j - +2 cloak
rCorr    .         Harm     .   c - +2 pair of gloves {Dex+3}
MR       ++...                  T - +2 pair of boots
Stlth    ..........             r - amulet of the gourmand
HPRegen  0.34/turn              G - ring of protection from magic
MPRegen  0.21/turn              p - ring of Qedy {+Blink Slay+2}

@: very slightly contaminated, very slow
A: antennae 1, [deterioration 2], dopey 1[+1], high mp 1, sense surroundings 1,
robust 1
a: Evoke Blink, Evoke Invisibility


You were on level 4 of the Abyss.
You were not hungry.

You visited 5 branches of the dungeon, and saw 30 of its levels.
You visited the Abyss 1 time.
You also visited: Ossuary and Volcano.

You collected 3001 gold pieces.
You spent 1900 gold pieces at shops.

Inventory:

Hand Weapons
 a - a +3 falchion of holy wrath
 b - a +3 rapier of flaming (weapon)
 O - a +1 triple sword of flaming
Missiles
 t - 13 poisoned darts
 x - 4 silver javelins (quivered)
 F - 5 javelins
 V - 5 curare-tipped darts
 Z - 3 throwing nets
Armour
 c - a +2 pair of gloves of dexterity (worn)
 j - a +2 cloak (worn)
 m - a +2 hat (worn)
 v - the +7 chain mail of Guelyocza (worn) {+Inv rPois rF- rN+}
   (You found it on level 4 of the Dungeon)

   It makes you vulnerable to fire.
   It protects you from poison.
   It protects you from negative energy.
   It lets you turn invisible.
 w - the +4 plate armour of Intercession {rC+}
   (You bought it in a shop on level 2 of the Orcish Mines)

   It protects you from cold.
 z - the +4 chain mail "Ibilaox" {rPois}
   (You found it on level 2 of the Lair of Beasts)

   It protects you from poison.
 T - a +2 pair of boots (worn)
 Y - a +2 buckler of reflection (worn)
Jewellery
 h - an uncursed ring of see invisible
 k - an uncursed ring of fire
 l - an uncursed ring of protection from cold
 p - the ring of Qedy (right hand) {+Blink Slay+2}
   (You found it on level 6 of the Lair of Beasts)

   [ring of slaying]

   It affects your accuracy and damage with ranged weapons and melee attacks
   (+2).
   It lets you blink.
 r - an amulet of the gourmand (around neck)
 u - a +1 ring of protection
 y - an uncursed ring of resist corrosion
 C - a +3 ring of evasion
 G - a ring of protection from magic (left hand)
 P - an uncursed ring of flight
Wands
 A - a wand of polymorph (17)
 I - a wand of flame (42)
 M - a wand of digging (3)
Scrolls
 i - a scroll of identify
 o - a scroll of summoning
 q - 9 scrolls of remove curse
 B - a scroll of fog
 D - 2 scrolls of holy word
 J - a scroll of magic mapping
 K - 2 scrolls of immolation
 L - 3 scrolls of enchant armour
 Q - 4 scrolls of fear
 W - a scroll of silence
Potions
 d - 6 potions of mutation
 s - 2 potions of resistance
 H - a potion of cancellation
 U - 4 potions of flight
Miscellaneous
 e - a phial of floods (inert)
 g - a fan of gales (inert)
Comestibles
 f - 40 rations


   Skills:
 + Level 10.0 Fighting
 + Level 12.6(13.6) Short Blades
 + Level 8.8(11.8) Long Blades
   Level 4.1(7.0) Slings
   Level 1.0 Bows
 - Level 8.7(9.2) Throwing
 + Level 11.7 Armour
 + Level 5.6 Dodging
 - Level 2.8 Stealth
 + Level 9.6 Shields
 - Level 0.1 Unarmed Combat
   Level 1.0 Charms
   Level 1.7 Summonings
 * Level 12.3 Evocations


You had 15 spell levels left.
You didn't know any spells.
Your spell library contained the following spells:

 Spells                   Type           Power        Failure   Level  Hunger
 Confusing Touch          Hex            #.....       83%         1    ##.....
 Corona                   Hex            #......      83%         1    ##.....
 Freeze                   Ice            #...         83%         1    ##.....
 Ensorcelled Hibernation  Hex/Ice        #.....       92%         2    ###....
 Throw Frost              Conj/Ice       #.....       92%         2    ###....
 Ozocubu's Armour         Chrm/Ice       #.......     98%         3    ####...
 Confuse                  Hex            #.......     99%         3    ####...
 Dazzling Spray           Conj/Hex       #.....       99%         3    ####...
 Gell's Gravitas          Tloc           #.........   99%         3    ####...
 Tukima's Dance           Hex            #.......     99%         3    ####...
 Petrify                  Tmut/Erth      #.......     100%        4    #####..
 Summon Ice Beast         Ice/Summ       #.......     100%        4    #####..
 Throw Icicle             Conj/Ice       #.......     100%        4    #####..
 Irradiate                Conj/Tmut      #.........   100%        5    ######.
 Lightning Bolt           Conj/Air       #.........   100%        5    ######.
 Metabolic Englaciation   Hex/Ice        #.........   100%        5    ######.
 Yara's Violent Unravell  Hex/Tmut       #.........   100%        5    ######.
 Bolt of Fire             Conj/Fire      #.........   100%        6    #######
 Hydra Form               Tmut           #.........   100%        6    #######
 Iron Shot                Conj/Erth      #.........   100%        6    #######
 Statue Form              Tmut/Erth      #........    100%        6    #######
 Dragon Form              Tmut           #.........   100%        7    #######


Dungeon Overview and Level Annotations

Branches:
Dungeon (15/15)            Temple (0/1) D:7            Lair (6/6) D:9
  Swamp (4/4) Lair:4        Snake (3/4) Lair:4        Slime (0/5) Lair:5
    Orc (2/2) D:11            Elf (0/3) Orc:2       Volcano (visited)
 Vaults: D:13-14     Depths: D:15

Shops:
D:6 *   D:12 }   D:14 :   Orc:2 *![((

Annotations:
D:1 exclusion: downstairs
D:7 exclusion: downstairs
D:13 Nessos
Lair:5 exclusion: downstairs
Swamp:3 exclusion: downstairs
Snake:2 exclusion: 2 downstairs


Innate Abilities, Weirdness & Mutations

You have an increased reservoir of magic. (+10% MP)
You have a pair of small antennae on your head.
You passively map a small area around you.
You are robust. (+10% HP)
[Your body often deteriorates upon taking damage.]
[You are very dopey. (Int -4)]


Message History

A small abomination comes into view.
The thrashing horror roars!
The thrashing horror tramples you but does no damage.
The thrashing horror barely misses you.
A large abomination comes into view.
The thrashing horror roars!
The thrashing horror tramples you but does no damage.
You block the thrashing horror's attack.
The thrashing horror closely misses you.
The thrashing horror tramples you but does no damage.
You enter the shallow water.
Moving in this stuff is going to be slow.
The thrashing horror roars!
The thrashing horror tramples you but does no damage.
The thrashing horror tramples you.
* * * LOW HITPOINT WARNING * * *
You hold your ground!
The thrashing horror tramples you but does no damage.
The thrashing horror tramples you.
You die...

.. ..≈≈
.##.#####...
..........≈♣
≈....(....≈
≈....≈≈≈#.♣♣#
≈≈...≈≈≈....♣♣
...XxX.....≈♣
#. #♣.≈X@♣ . .
♣♣♣≈≈X♣♣ .#..
.♣.X≈.♣ ...#
#..♣♣♣♣♣ #..
♣#.# ..♣♣♣ #.#
≈♣♣#.{.#..##.#
♣. ♣♣.#.....#
♣♣ . ♣....
.≈♣♣♣ ♣
....≈..≈≈.♣♣ #


You could see 3 thrashing horrors, 2 large abominations and a small abomination.

Vanquished Creatures
  Rupert (D:13)
  Jorgrun (D:13)
  Gastronok (D:8)
  2 thorn hunters
  A nagaraja (Snake:2)
  Aizul (Snake:2)
  Louise (Lair:4)
  An orc warlord (Orc:2)
  Azrael (D:11)
  A dire elephant (Lair:6)
  A red draconian (Volcano)
  Snorg (Orc:2)
  6 naga warriors
  16 hydras
  A shambling mangrove (Swamp:4)
  A ghost crab (Swamp:3)
  4 two-headed ogres
  10 alligators
  An anaconda (Snake:1)
  12 death yaks
  A catoblepas (Lair:6)
  A deep troll shaman (Lair:6)
  Urug (Lair:2)
  7 naga sharpshooters
  An orc high priest (Orc:2)
  A thrashing horror (Abyss:3)
  2 shock serpents (Snake:2)
  A wretched star (Abyss:4)
  A salamander mystic (Volcano)
  4 spriggan druids
  2 orc knights (Orc:2)
  A swamp dragon (Swamp:1)
  Pikel (D:4)
  2 necromancers (Lair:4)
  3 mana vipers (Snake:1)
  6 ugly things
  An orc sorcerer (Orc:2)
  11 salamanders
  A worldbinder (Abyss:4)
  4 elephants (Lair:6)
  A cyclops (Orc:1)
  4 guardian serpents
  14 naga magi
  Psyche (D:9)
  21 black mambas
  12 spiny frogs
  An eye of devastation (Lair:5)
  A large abomination (Abyss:4)
  3 rime drakes
  3 komodo dragons
  5 trolls
  2 hydra zombies (Swamp:1)
  10 tyrant leeches
  14 hornets
  7 polar bears
  5 blink frogs
  5 hippogriffs
  4 bog bodies
  23 slime creatures
  8 spriggans
  2 shadows
  A wraith (D:15)
  3 wyverns
  45 yaks
  5 fire elementals
  4 humans (D:13)
  4 fire bats (D:10)
  16 vampire mosquitoes
  4 basilisks
  12 swamp worms
  28 nagas
  11 insubstantial wisps
  3 wargs (Orc:1)
  7 water moccasins
  6 hell hounds
  A soldier ant (D:11)
  An acid dragon (D:12)
  13 porcupines
  6 swamp drakes
  2 sky beasts
  3 ice beasts
  A black bear (shapeshifter) (D:13)
  A hornet zombie (D:9)
  A swamp dragon zombie (Swamp:1)
  24 orc warriors
  4 black bears
  3 eyes of draining
  2 necrophages
  10 ogres
  3 phantoms
  An elephant zombie (Lair:4)
  38 wolves
  9 centaurs
  11 crocodiles
  7 big kobolds
  15 bullfrogs
  2 gnoll sergeants
  2 water moccasin zombies
  3 wyvern skeletons
  5 scorpions
  5 killer bees
  4 wights (D:8)
  3 electric eels
  3 crimson imps
  5 hounds
  2 lava snakes (D:10)
  2 centaur zombies
  3 bullfrog skeletons
  Crazy Yiuf (D:5)
  6 jellies
  15 orc priests
  3 centaur skeletons
  6 iguanas
  16 orc wizards
  9 worker ants
  A big kobold zombie (Ossuary)
  2 crocodile zombies (Swamp:1)
  2 mummies (Ossuary)
  Robin (D:4)
  A howler monkey zombie (D:5)
  A howler monkey skeleton (D:7)
  17 gnolls
  18 adders
  5 shadow imps
  2 adder zombies (Ossuary)
  3 adder skeletons
  2 dart slugs
  10 leopard geckos
  71 orcs
  2 ball pythons
  5 giant cockroaches
  7 gnoll zombies (Ossuary)
  40 goblins
  31 hobgoblins
  15 jackals
  2 quokkas
  9 bats
  5 frilled lizards
  4 hobgoblin zombies (Ossuary)
  25 kobolds
  6 kobold zombies (Ossuary)
  3 leopard gecko skeletons
  7 orc zombies (Ossuary)
  10 rats
  A fire vortex (D:10)
  4 fungi
  2 plants (D:9)
976 creatures vanquished.

Vanquished Creatures (collateral kills)
  A fire dragon (D:14)
  A black mamba (Lair:4)
  A spiny frog (Lair:3)
  A komodo dragon (Lair:4)
  A tyrant leech (Swamp:3)
  3 blink frogs (Lair:4)
  A hippogriff (Lair:3)
  A water moccasin (Lair:3)
  3 killer bees
  An elephant zombie (Lair:4)
  A crocodile (Lair:4)
  A bullfrog (Lair:3)
  An orc wizard (D:8)
  A basilisk zombie (Lair:4)
  A hound (D:4)
  2 gnolls (D:5)
  A quokka (D:8)
  A leopard gecko skeleton (D:4)
23 creatures vanquished.

Vanquished Creatures (others)
  A naga sharpshooter (Snake:1)
  An unseen horror (D:13)
  A cyclops (D:15)
  5 dream sheep (Lair:6)
  Menkaure (D:4)
  2 slaves (D:4)
  A phantom (D:4)
  8 killer bees
  A jelly (D:6)
  An iguana (D:6)
  A gnoll (D:8)
  A worm (D:4)
  2 orcs
  A kobold (D:14)
  A briar patch (Swamp:2)
  2 fire vortices (D:10)
  75 fungi
  A lurking horror (Abyss:3)
  25 plants
131 creatures vanquished.

Grand Total: 1130 creatures vanquished

Notes
Turn   | Place    | Note
-------+----------+-------------------------------------------
     0 | D:1      | DrEnzyme the Demigod Wanderer began the quest for the Orb.
     0 | D:1      | DrEnzyme set off with the following items: a +0 dagger, a
                  | potion of curing, a +0 buckler, a +2 scale mail, a ration
     0 | D:1      | Reached XP level 1. HP: 16/16 MP: 3/3
   366 | D:1      | Reached XP level 2. HP: 21/23 MP: 4/4
  1280 | D:2      | Reached XP level 3. HP: 28/28 MP: 5/5
  2006 | D:2      | Reached skill level 1 in Short Blades
  2018 | D:2      | Reached XP level 4. HP: 33/35 MP: 6/6
  2968 | D:3      | Reached skill level 1 in Dodging
  3233 | D:3      | Reached XP level 5. HP: 41/41 MP: 7/7
  3258 | D:3      | Found a sparkling altar of Nemelex Xobeh.
  3295 | D:3      | Found a glowing silver altar of Zin.
  4263 | D:4      | Got a faintly glowing chain mail
  4302 | D:4      | Noticed a slave
  4302 | D:4      | Noticed a slave
  4303 | D:4      | Noticed Pikel
  4304 | D:4      | Noticed a slave
  4304 | D:4      | Noticed a slave
  4305 | D:4      | Noticed a phantom
  4322 | D:4      | Reached skill level 1 in Slings
  4325 | D:4      | Killed a phantom
  4330 | D:4      | Killed Pikel
  4330 | D:4      | Reached XP level 6. HP: 41/49 MP: 7/9
  4374 | D:4      | Noticed Menkaure
  4397 | D:3      | Identified the +7 chain mail of Guelyocza {+Inv rPois rF-
                  | rN+} (You found it on level 4 of the Dungeon)
  4724 | D:4      | Noticed Robin
  4728 | D:4      | Killed Robin
  4757 | D:4      | Found a sparkling altar of Nemelex Xobeh.
  4796 | D:4      | Killed Menkaure
  4796 | D:4      | Reached skill level 1 in Evocations
  4796 | D:4      | Reached XP level 7. HP: 56/56 MP: 10/10
  4849 | D:4      | Found a hide-covered altar of Uskayaw.
  5113 | D:5      | Entered Level 5 of the Dungeon
  5277 | D:5      | Found Jestugg's General Store.
  5984 | D:5      | Reached skill level 1 in Throwing
  6597 | D:4      | Reached XP level 8. HP: 61/63 MP: 11/11
  6874 | D:5      | Reached skill level 5 in Short Blades
  7215 | D:5      | Found a bloodstained altar of Trog.
  7575 | D:5      | Found a runed translucent door.
  7576 | D:5      | Noticed Crazy Yiuf
  8271 | D:5      | Reached skill level 5 in Armour
  8456 | D:5      | Killed Crazy Yiuf
  8541 | D:6      | Found a hazy altar of Hepliaklqana.
  8541 | D:6      | Found a snail-covered altar of Cheibriados.
  9264 | D:6      | Found a sacrificial altar of Ru.
  9273 | D:6      | Found Liak's Lightly-Used Armoury.
 10116 | D:6      | Reached XP level 9. HP: 70/70 MP: 12/12
 10557 | D:7      | Found an ancient bone altar of Kikubaaqudgha.
 10823 | D:7      | Found a staircase to the Ecumenical Temple.
 10901 | D:7      | Reached skill level 1 in Long Blades
 11283 | D:8      | Found a sand-covered staircase.
 11289 | Ossuary  | Entered an ossuary
 11962 | D:8      | Noticed Gastronok
 11985 | D:8      | HP: 1/71 [Gastronok/the air (27)]
 12695 | D:9      | Found a sparkling altar of Nemelex Xobeh.
 12695 | D:9      | Found a staircase to the Lair.
 13381 | D:9      | Reached XP level 10. HP: 75/80 MP: 16/16
 13516 | D:9      | Noticed a two-headed ogre
 13594 | D:9      | Found an opulent altar of Gozag.
 13598 | D:9      | Noticed Psyche
 13600 | D:9      | Upgraded the game from 0.24-a0-537-g2d01d4a to
                  | 0.24-a0-580-g6a6c3f8
 13617 | D:9      | Killed Psyche
 13893 | D:9      | Reached skill level 5 in Long Blades
 14140 | D:9      | Found a sacrificial altar of Ru.
 14550 | D:9      | Killed a two-headed ogre
 14915 | D:10     | Entered Level 10 of the Dungeon
 15995 | D:10     | Reached skill level 5 in Throwing
 16312 | D:10     | Reached skill level 5 in Evocations
 16731 | D:10     | Reached skill level 5 in Fighting
 17364 | D:11     | Found a staircase to the Orcish Mines.
 18685 | Lair:1   | Entered Level 1 of the Lair of Beasts
 18704 | Lair:1   | Reached XP level 11. HP: 53/86 MP: 18/18
 20278 | Lair:2   | Noticed a four-headed hydra
 20959 | Lair:2   | Noticed an eight-headed hydra
 20968 | Lair:2   | Killed an eight-headed hydra
 21040 | Lair:1   | Reached skill level 5 in Shields
 21926 | Lair:2   | Got a spiked chain mail
 21999 | Lair:2   | Killed a four-headed hydra
 22079 | Lair:1   | Identified the +4 chain mail "Ibilaox" {rPois} (You found
                  | it on level 2 of the Lair of Beasts)
 22099 | Lair:2   | Noticed Urug
 22428 | Lair:2   | Killed Urug
 22726 | Lair:2   | Upgraded the game from 0.24-a0-580-g6a6c3f8 to
                  | 0.24-a0-581-gc0fa660
 24085 | Lair:3   | HP: 4/89 [spiny frog (11)]
 24530 | Orc:1    | Entered Level 1 of the Orcish Mines
 24553 | Orc:1    | Found a roughly hewn altar of Beogh.
 24663 | Orc:1    | Reached XP level 12. HP: 60/95 MP: 19/21
 24886 | Orc:2    | Entered Level 2 of the Orcish Mines
 25124 | Orc:2    | Noticed Snorg
 27014 | Lair:4   | Identified a scroll of acquirement
 27066 | Lair:4   | Found a staircase to the Snake Pit.
 27200 | Lair:4   | Noticed a seven-headed hydra
 27482 | Lair:4   | Found a staircase to the Swamp.
 27610 | Lair:4   | Found a dark tunnel.
 27654 | Volcano  | Entered a volcano
 27798 | Volcano  | Noticed a red draconian
 27866 | Volcano  | Killed a red draconian
 29059 | Lair:4   | Killed a seven-headed hydra
 30053 | Lair:5   | Found a staircase to the Slime Pits.
 30054 | Lair:5   | Noticed a seven-headed hydra
 30058 | Lair:5   | Killed a seven-headed hydra
 30058 | Lair:5   | Reached XP level 13. HP: 104/104 MP: 23/23
 32060 | Lair:6   | Entered Level 6 of the Lair of Beasts
 33542 | Lair:6   | Found a shimmering altar of Xom.
 34779 | Lair:6   | Noticed a dire elephant
 34987 | Lair:6   | Killed a dire elephant
 34999 | Lair:6   | Identified the Volume of Confrontation and Flight
 35002 | Lair:6   | Got a translucent granite ring
 35019 | Lair:6   | Identified the ring of Qedy {+Blink Slay+2} (You found it
                  | on level 6 of the Lair of Beasts)
 35570 | Orc:2    | Found a roughly hewn altar of Beogh.
 35649 | Orc:2    | Killed Snorg
 36032 | Orc:2    | Found a roughly hewn altar of Beogh.
 36147 | Orc:2    | Found Jehy's Distillery.
 36183 | Orc:2    | Bought a potion of heal wounds for 75 gold pieces
 36183 | Orc:2    | Bought a potion of curing for 45 gold pieces
 36183 | Orc:2    | Bought a potion of curing for 45 gold pieces
 36183 | Orc:2    | Bought a potion of mutation for 120 gold pieces
 36183 | Orc:2    | Bought a potion of might for 60 gold pieces
 36183 | Orc:2    | Gained mutation: You are robust. (+10% HP) [potion of
                  | mutation]
 36183 | Orc:2    | Gained mutation: You passively map a small area around you.
                  | [potion of mutation]
 36183 | Orc:2    | Gained mutation: [You are dopey. (Int -2)] [potion of
                  | mutation]
 36183 | Orc:2    | Gained mutation: You have a pair of small antennae on your
                  | head. [potion of mutation]
 36283 | Orc:2    | Found a roughly hewn altar of Beogh.
 36313 | Orc:2    | Found Ytof Vas's Antique Weapon Shop.
 36321 | Orc:2    | Reached XP level 14. HP: 82/125 MP: 25/25
 36520 | Orc:2    | Found a staircase to the Elven Halls.
 36654 | Orc:2    | Found a roughly hewn altar of Beogh.
 36729 | Orc:2    | Found Geif's General Store.
 36741 | Orc:2    | Bought a scroll of enchant armour for 105 gold pieces
 36758 | Orc:2    | Found a roughly hewn altar of Beogh.
 37203 | Orc:2    | Noticed an orc warlord
 37983 | D:12     | Noticed Azrael
 38489 | D:11     | Killed Azrael
 38489 | D:11     | Reached skill level 10 in Evocations
 39482 | D:12     | Found Puseujih's Gadget Shop.
 39630 | D:13     | Noticed Jorgrun
 39731 | D:13     | Killed Jorgrun
 39903 | D:13     | Noticed Rupert
 39938 | D:13     | Killed Rupert
 40516 | Swamp:1  | Entered Level 1 of the Swamp
 41280 | Swamp:1  | Reached skill level 10 in Short Blades
 41885 | Swamp:1  | You fall into a shaft and drop 1 floor!
 42140 | Swamp:2  | Found an ancient bone altar of Kikubaaqudgha.
 42752 | Swamp:1  | Reached skill level 5 in Dodging
 43976 | Swamp:2  | Noticed a thorn hunter
 44002 | Swamp:1  | Reached skill level 10 in Armour
 44984 | Swamp:2  | Killed a thorn hunter
 45460 | Swamp:2  | Reached XP level 15. HP: 130/135 MP: 27/27
 47881 | Swamp:3  | Noticed a thorn hunter
 47893 | Swamp:3  | Killed a thorn hunter
 48082 | Swamp:4  | Entered Level 4 of the Swamp
 48608 | Swamp:4  | Paralysed by a hornet for 2 turns
 49803 | Snake:1  | Entered Level 1 of the Snake Pit
 49971 | Snake:1  | Noticed Louise
 50529 | Orc:2    | Found Luschijig's Antique Armour Emporium.
 50530 | Orc:2    | Found a roughly hewn altar of Beogh.
 50538 | Orc:2    | Found Weqoedon's Antique Weapon Shoppe.
 50549 | Orc:2    | Bought a distressingly furry plate armour for 1036 gold
                  | pieces
 50559 | Orc:2    | Identified the +4 plate armour of Intercession {rC+} (You
                  | bought it in a shop on level 2 of the Orcish Mines)
 50559 | Orc:2    | Bought a transparent chain mail for 351 gold pieces
 50569 | Orc:2    | Identified the +1 chain mail of Anaesthesia {+Fly rPois}
                  | (You bought it in a shop on level 2 of the Orcish Mines)
 50924 | Orc:2    | Bought a +0 pair of boots for 63 gold pieces
 51327 | D:13     | Noticed Nessos
 51840 | D:8      | Killed Gastronok
 52265 | D:10     | Got a steaming hand crossbow
 52292 | D:10     | Identified the cursed +1 hand crossbow of Division {penet,
                  | rPois rN+++ Str-5 Stlth-} (You found it on level 10 of the
                  | Dungeon)
 52465 | D:14     | Found Ivoha's Book Shop.
 53221 | D:15     | Entered Level 15 of the Dungeon
 54203 | Lair:4   | Killed Louise
 57030 | Snake:1  | Reached XP level 16. HP: 146/146 MP: 29/29
 58164 | Snake:2  | Noticed Aizul
 58200 | Snake:2  | Killed Aizul
 60577 | Snake:2  | Reached skill level 10 in Fighting
 61586 | Snake:3  | Cast into level 3 of the Abyss (a distortion unwield)
 61687 | Abyss:3  | Noticed an ancient lich
 61712 | Abyss:4  | Found a corrupted altar of Lugonu.
 61776 | Abyss:4  | Found a corrupted altar of Lugonu.
 61780 | Abyss:4  | HP: 7/147 [thrashing horror (11)]
 61786 | Abyss:4  | HP: 4/147 [thrashing horror (4)]
 61792 | Abyss:4  | HP: 3/147 [thrashing horror (4)]
 61792 | Abyss:4  | Slain by a thrashing horror

Levels and vault maps discovered:
D:1:      onia_arrival_pentagram, layout_basic
D:2:      layout_rooms, st_stairs_10, minmay_between
D:3:      layout_basic, nicolae_overflow_hidden_temple,
          nemelex_diamond_rough_becter
D:4:      layout_rooms, kennysheep_mini_moat, nemelex_lonely_heart_becter,
          uniq_robin, uniq_pikel, uniq_menkaure
D:5:      minmay_goblin_kobold_castle, layout_basic, trog_eyes_of_draining,
          first_ration, serial_shops,
          nicolae_shop_temple_entry_statues_fountains, kennysheep_nondescript,
          uniq_crazy_yiuf_cottage
D:6:      layout_gridville, gammafunk_temple_overflow_statue,
          overflow_temple_1_default, minmay_shop_damaged
D:7:      layout_gridville, lemuel_coloured_pillars_altar, temple_hall
D:8:      layout_rooms, nicolae_ossuary_entry_plus, uniq_gastronok
D:9:      layout_loops_cross, nemelex_xobeh_ov_fountains_minmay,
          nicolae_gozag_cash_rules_everything_around_me,
          due_lair_maze_entry_diamond, blue_anna_alchemist
          [blue_anna_fruit_fields, blue_anna_fruit_fields],
          nicolae_ru_sacrificial_ziggurat, uniq_psyche
D:10:     layout_long_grid, chequers_hall_statues_wall_a, hangedman_incinerator
D:11:     layout_cave_pods, orc_0_dummy
D:12:     layout_stronghold, serial_shops, shop, uniq_azrael
D:13:     layout_gridville, grunt_vaults_entry_tiered, hangedman_decor_push,
          minmay_curled_crystal, uniq_jorgrun, uniq_nessos, uniq_rupert
D:14:     layout_long_grid, serial_shops, shop, hangedman_decor_clover_reticule
D:15:     gammafunk_depths_entry_grave, layout_cave_pools,
          chequers_decorated_corner
Lair:1:   layout_concentric_octagons, nicolae_lair_grove_arrangements
Lair:2:   layout_gridlike, beast_lair_carwin_7, uniq_urug
Lair:3:   layout_cave_pods, cheibrodos_lair_lostbears, grunt_megastairs_2
Lair:4:   pond_and_an_island_with_a_cottage, layout_loops_ring, swamp_mist,
          minmay_snake_entry_guardpost_small, enter_volcano_3,
          serial_bayou_pond_c, infiniplex_staircase_pool_2
Lair:5:   layout_loops_ring, minmay_slime_entry_eyes, serial_bayou_shore_b,
          serial_bayou_shore_a
Lair:6:   grunt_lair_end_beastmaster, layout_regular_city,
          kb_xom_exploding_sheep
Swamp:1:  layout_basic_swamp, evilmike_swamp_ruin_house_1, swamp_pool3,
          nicolae_swamp_necromancer_hut
Swamp:2:  layout_falls_marsh, infiniplex_staircase_pool, lemuel_altar_in_water
Swamp:3:  layout_falls_marsh, evilmike_swamp_ruin_rubble_1
Swamp:4:  swamp, layout_basic_swamp
Snake:1:  layout_cave_pods, uniq_louise
Snake:2:  layout_rooms, serial_bayou_shore_b, uniq_aizul
Snake:3:  gammafunk_sealed_library, layout_cave_town, minmay_shop_star,
          lemuel_fruit_tree
Orc:1:    layout_caves, basic_altar, rock_pile
Orc:2:    grunt_orc_community_town_hall, layout_caves,
          grunt_orc_community_big_house_2, grunt_orc_community_big_house_1,
          grunt_orc_community_house_2, grunt_orc_community_house_1,
          grunt_orc_community_house_1, grunt_orc_community_house_2,
          grunt_orc_community_house_1, grunt_orc_community_house_1,
          serial_shops, shop, uniq_snorg
Abyss:4:  evilmike_abyss_exit_kraken,
          evilmike_nicolae_abyss_rune_containment_curve,
          evilmike_nicolae_abyss_rune_containment_curve

Skill      XL: |  1  2  3  4  5  6  7  8  9 10 11 12 13 14 15 16 |
---------------+-------------------------------------------------+-----
Armour         | 3 4 5 6 7 8 9 10 11 | 11.7
Short Blades   | 1 2 3 4 6 9 10 12 | 12.6
Dodging        | 1 2 3 4 5 |  5.6
Fighting       | 2 3 4 5 6 7 8 9 10 | 10.0
Slings         | 2 3 4 |  4.1
Shields        | 2 3 4 5 6 7 8 9 |  9.6
Evocations     | 1 3 5 7 8 9 11 12 | 12.3
Throwing       | 1 2 3 5 6 8 |  8.7
Long Blades    | 4 5 7 8 |  8.8
Stealth        | 2 |  2.8
Bows           | |  1.0
Unarmed Combat | |  0.1
Charms         | |  1.0
Summonings     | |  1.7

Action                   |  1- 3 |  4- 6 |  7- 9 | 10-12 | 13-15 | 16-18 || total
-------------------------+-------+-------+-------+-------+-------+-------++-------
Melee: Dagger            |   355 |     4 |       |       |       |       ||   359
       Short sword       |       |   274 |   597 |       |       |       ||   871
       Falchion          |       |       |   491 |  1166 |    58 |       ||  1715
       Unarmed           |       |       |     2 |       |     4 |       ||     6
       Rapier            |       |       |       |    89 |  2725 |   515 ||  3329
 Fire: Hunting sling     |       |    36 |    54 |       |       |       ||    90
Throw: Dart              |       |     2 |   105 |   561 |   331 |     6 ||  1005
       Javelin           |       |     5 |    21 |     4 |    45 |    10 ||    85
       Stone             |       |       |     4 |       |       |       ||     4
       Throwing net      |       |       |       |       |     1 |       ||     1
 Abil: Evoke Invisibilit |       |       |       |     1 |       |       ||     1
       Evoke Blink       |       |       |       |       |     2 |     4 ||     6
Evoke: Wand              |       |     5 |    24 |    54 |    33 |     2 ||   118
       Sack of spiders   |       |       |       |     2 |       |       ||     2
       Phial of floods   |       |       |       |       |     4 |     1 ||     5
       Fan of gales      |       |       |       |       |     2 |     1 ||     3
       Phantom mirror    |       |       |       |       |       |     1 ||     1
  Use: Scroll            |     3 |     3 |     5 |    15 |    21 |     6 ||    53
       Potion            |     2 |       |     5 |     6 |    14 |     8 ||    35
 Stab: Distracted        |       |     1 |       |       |       |       ||     1
       Paralysed         |       |       |       |    10 |       |       ||    10
       Invisible         |       |       |       |     5 |       |       ||     5
       Confused          |       |       |       |       |     1 |       ||     1
       Held in net/web   |       |       |       |       |     1 |       ||     1
  Eat: Chunk             |     4 |     6 |    15 |    52 |    74 |     4 ||   155
       Ration            |       |     1 |     4 |     3 |     2 |     3 ||    13
Armor: Scale mail        |   235 |   105 |       |       |       |       ||   340
       Chain mail        |       |    46 |   552 |   666 |  1083 |   166 ||  2513
       Plate armour      |       |       |       |       |   189 |       ||   189
Dodge: Dodged            |   159 |   153 |   354 |   503 |  1019 |   148 ||  2336
Block: Buckler           |    75 |    59 |   233 |   481 |   994 |   167 ||  2009
       Reflection        |       |       |       |    10 |    39 |    14 ||    63
       Rpst.: Falchion   |       |       |    46 |   127 |     3 |       ||   176

Table legend:
 A = Non-vault XP
 B = Vault XP
 C = Vault XP percentage of total XP
 D = Non-vault monster count
 E = Vault monster count
 F = Vault count percentage of total count
                 A         B        C        D         E       F
            +---------+---------+-------+---------+---------+-------
      Total |  164146 |   47372 |  22.4 |     725 |     281 |  27.9
            +---------+---------+-------+---------+---------+-------
        D:1 |      38 |       1 |   2.6 |      21 |       1 |   4.5
        D:2 |     109 |       7 |   6.0 |      30 |       5 |  14.3
        D:3 |     234 |       0 |   0.0 |      24 |       0 |   0.0
        D:4 |     270 |     592 |  68.7 |      17 |      21 |  55.3
        D:5 |     659 |     613 |  48.2 |      16 |      53 |  76.8
        D:6 |     832 |       0 |   0.0 |      21 |       0 |   0.0
        D:7 |     466 |       0 |   0.0 |       9 |       0 |   0.0
        D:8 |    1238 |    2297 |  65.0 |      36 |       1 |   2.7
        D:9 |    3430 |    1686 |  33.0 |      32 |      12 |  27.3
       D:10 |    1499 |    1442 |  49.0 |      37 |       9 |  19.6
       D:11 |    1830 |    1876 |  50.6 |      16 |       4 |  20.0
       D:12 |    5911 |     441 |   6.9 |      28 |       3 |   9.7
       D:13 |    1342 |    6923 |  83.8 |      13 |       6 |  31.6
       D:14 |    2978 |       0 |   0.0 |      17 |       0 |   0.0
       D:15 |    3197 |       0 |   0.0 |      10 |       0 |   0.0
     Lair:1 |    3989 |     149 |   3.6 |      19 |       1 |   5.0
     Lair:2 |    4140 |    1823 |  30.6 |      12 |       7 |  36.8
     Lair:3 |    3716 |    1415 |  27.6 |      25 |       5 |  16.7
     Lair:4 |   14543 |    3756 |  20.5 |      49 |      11 |  18.3
     Lair:5 |    9703 |    1398 |  12.6 |      24 |       3 |  11.1
     Lair:6 |    6828 |    7612 |  52.7 |      25 |      16 |  39.0
    Swamp:1 |   16104 |     800 |   4.7 |      42 |       5 |  10.6
    Swamp:2 |   12445 |       0 |   0.0 |      33 |       0 |   0.0
    Swamp:3 |   15966 |       0 |   0.0 |      39 |       0 |   0.0
    Swamp:4 |    7150 |     134 |   1.8 |      18 |       1 |   5.3
    Snake:1 |   20773 |       0 |   0.0 |      42 |       0 |   0.0
    Snake:2 |   18235 |    1684 |   8.5 |      40 |       1 |   2.4
    Snake:3 |    1115 |       0 |   0.0 |       2 |       0 |   0.0
      Orc:1 |    1627 |     296 |  15.4 |      14 |       4 |  22.2
      Orc:2 |    1306 |    7381 |  85.0 |      10 |      74 |  88.1
    Abyss:3 |     837 |       0 |   0.0 |       1 |       0 |   0.0
    Abyss:4 |    1636 |       0 |   0.0 |       3 |       0 |   0.0
    Ossuary |       0 |     179 | 100.0 |       0 |      30 | 100.0
    Volcano |       0 |    4867 | 100.0 |       0 |       8 | 100.0
            +---------+---------+-------+---------+---------+-------
